 Dungeon Crawl Stone Soup version 0.27.0-1-g7a089689b8 (webtiles) character file.

Game seed: 6924572476256113140

648 howech the Twirler (level 7, -4/60 HPs)
             Began as a Minotaur Gladiator on Aug 5, 2021.
             Slain by a hornet (10 damage)
             ... on level 5 of the Dungeon.
             The game lasted 00:08:19 (3879 turns).

howech the Twirler (Minotaur Gladiator)             Turns: 3879, Time: 00:08:20

Health: -4/60      AC: 14    Str: 18    XL:     7   Next: 27%
Magic:  6/6        EV:  8    Int:  5    God:
Gold:   240        SH:  0    Dex: 14    Spells: 6/6 levels left

rFire    . . .     SeeInvis .   a - +0 quarterstaff
rCold    . . .     Faith    .   (shield currently unavailable)
rNeg     . . .     Spirit   .   f - +0 chain mail
rPois    .         Reflect  .   c - +0 hat
rElec    .         Harm     .   g - +2 cloak
rCorr    .         Rampage  .   (no gloves)
Will     .....                  s - +1 pair of boots
Stlth    ..........             (no amulet)
HPRegen  0.20/turn              (no ring)
MPRegen  0.10/turn              (no ring)

@: lethally poisoned (-4 -> -35), slowed, very slow
A: horns 2, retaliatory headbutt
a: no special abilities


You were on level 5 of the Dungeon.
You visited 1 branch of the dungeon, and saw 5 of its levels.

You collected 240 gold pieces.

Inventory:

Hand Weapons
 a - a +0 quarterstaff (weapon)
Missiles
 d - 3 throwing nets
 r - 24 poisoned darts (quivered)
Armour
 b - a +0 leather armour
 c - a +0 hat (worn)
 f - a +0 chain mail (worn)
 g - a +2 cloak (worn)
 s - a +1 pair of boots (worn)
Jewellery
 j - a ring of poison resistance
 B - an amulet of the acrobat
 C - a ring of protection from cold
Wands
 A - a wand of iceblast (9)
Scrolls
 e - 2 scrolls of holy word {unknown}
 i - 8 scrolls of identify {unknown}
 t - a scroll of vulnerability {unknown}
 v - 2 scrolls of noise {unknown}
 x - a scroll of blinking {unknown}
 y - a scroll of silence {unknown}
 D - a scroll of amnesia {unknown}
Potions
 h - 2 potions of curing {unknown}
 k - a potion of flight {unknown}
 l - a potion of lignification {unknown}
 m - a potion of haste {unknown}
 n - a potion of might {unknown}
 o - a potion of heal wounds {unknown}
 p - a potion of resistance {unknown}
 q - a potion of brilliance {unknown}
 u - 2 potions of mutation {unknown}
 w - a potion of ambrosia {unknown}
 z - a potion of attraction {unknown}


   Skills:
 + Level 4.5 Fighting
 + Level 0.3 Axes
 * Level 7.2 Staves
 + Level 2.6 Throwing
 + Level 4.1 Armour
 + Level 4.3 Dodging
 - Level 0.5 Stealth
 + Level 0.2 Evocations


You had 6 spell levels left.
You didn't know any spells.
Your spell library contained the following spells:

 Spells                   Type           Power      Damage    Failure   Level
 Call Canine Familiar     Summ           0%         N/A       100%        3
 Portal Projectile        Hex/Tloc       0%         N/A       100%        3
 Leda's Liquefaction      Hex/Erth       0%         N/A       100%        4
 Fireball                 Conj/Fire      0%         3d3       100%        5
 Iskenderun's Battlesphe  Conj           0%         2d6       100%        5
 Conjure Ball Lightning   Conj/Air       0%         3x3d6     100%        6
 Orb of Destruction       Conj           0%         N/A       100%        7


Dungeon Overview and Level Annotations

Branches:
Dungeon (5/15)
 Temple: D:4-7

Altars:


Innate Abilities, Weirdness & Mutations

You have a pair of horns on your head.
You reflexively headbutt those who attack you in melee.


Message History

i - 8 scrolls labelled KYCOMU ANIC (gained 1)
A hornet comes into view.
The hornet buzzes angrily.
You hit the hornet but do no damage. Your headbutt misses the hornet.
The hornet stings you!
You are poisoned.
You feel yourself slow down.
The hornet stings you but does no damage.
You hit the hornet but do no damage.
You feel very sick. The hornet stings you.
You are more poisoned.
You feel as though you will be slow longer.
The hornet stings you but does no damage.
You sock the hornet! Your headbutt misses the hornet.
The hornet is moderately wounded.
You feel very sick.
The hornet stings you but does no damage.
The hornet stings you.
You are more poisoned.
You feel as though you will be slow longer.
You hit the hornet but do no damage. You headbutt the hornet!
The hornet is heavily wounded.
You feel extremely sick. The hornet stings you.
You are lethally poisoned!
You feel as though you will be slow longer.
The hornet stings you.
* * * LOW HITPOINT WARNING * * *
You feel as though you will be slow longer.
You barely miss the hornet.
The hornet is heavily wounded.
* * * LOW HITPOINT WARNING * * *
You feel extremely sick. The hornet stings you.
* * * LOW HITPOINT WARNING * * *
You are more poisoned.
You feel as though you will be slow longer.
The hornet stings you!
You die...

..#.########.######.#
###.##.....#....# #.#
# #.##.###.####.# #.#
# #.##.........†# #.#
###.######.###### #.#
##.........# #.#
....######## #.#
##.################.#
...............y@...#
...##################
####


You could see a hornet.

Vanquished Creatures
  2 sky beasts (D:5)
  A centaur (D:5)
  A phantom (D:3)
  A scorpion (D:4)
  3 hounds
  5 gnolls
  3 adders
  An ufetubus (D:5)
  3 adder skeletons
  A worm (D:4)
  2 dart slugs
  An orc (D:5)
  5 ball pythons
  6 endoplasms
  8 goblins
  9 hobgoblins
  2 jackals (D:2)
  5 quokkas
  4 bats
  3 frilled lizards
  7 kobolds
  7 rats
80 creatures vanquished.

Vanquished Creatures (others)
  A goblin (D:2)
  A fungus (D:2)
2 creatures vanquished.

Grand Total: 82 creatures vanquished

Notes
Turn   | Place    | Note
-------+----------+-------------------------------------------
     0 | D:1      | howech the Minotaur Gladiator began the quest for the Orb.
     0 | D:1      | Reached XP level 1. HP: 18/18 MP: 0/0
    91 | D:1      | Reached skill level 4 in Staves
   205 | D:1      | Reached XP level 2. HP: 25/25 MP: 1/1
   644 | D:2      | Reached XP level 3. HP: 30/30 MP: 2/2
  1607 | D:2      | Found a faded altar of an unknown god.
  1920 | D:3      | Noticed a phantom
  1939 | D:3      | Killed a phantom
  1940 | D:3      | Reached skill level 5 in Staves
  1940 | D:3      | Reached skill level 1 in Armour
  1940 | D:3      | Reached XP level 4. HP: 9/37 MP: 3/3
  2395 | D:3      | Reached XP level 5. HP: 45/45 MP: 4/4
  2801 | D:4      | Reached skill level 6 in Staves
  2801 | D:4      | Reached XP level 6. HP: 28/51 MP: 5/5
  3254 | D:5      | Entered Level 5 of the Dungeon
  3313 | D:5      | Noticed a sky beast
  3325 | D:5      | Killed a sky beast
  3541 | D:5      | Noticed a sky beast
  3549 | D:5      | Killed a sky beast
  3550 | D:5      | Reached skill level 7 in Staves
  3550 | D:5      | Reached XP level 7. HP: 51/60 MP: 6/6
  3872 | D:5      | Noticed a hornet
  3879 | D:5      | Slain by a hornet

Illustrated notes

Levels and vault maps discovered:
D:1:      ncdulo_smallfort, layout_basic
D:2:      layout_basic, shapermc_ecumenical_altar_mp_urbaneastern, st_stairs_6,
          lemuel_another_geyser
D:3:      layout_rooms, corexii_shack, serial_bayou_pond_a
D:4:      layout_rooms, serial_bayou_pond_c
D:5:      layout_basic

Skill      XL: |  1  2  3  4  5  6 |
---------------+-------------------+-----
Staves         | 4 5 6 7 |  7.2
Armour         | 1 3 4 |  4.1
Dodging        | 4 |  4.3
Fighting       | 3 4 |  4.5
Axes           | |  0.3
Throwing       | |  2.6
Stealth        | |  0.5
Evocations     | |  0.2

Action                   |  1- 3 |  4- 6 |  7- 9 || total
-------------------------+-------+-------+-------++-------
Melee: Quarterstaff      |   105 |    95 |    17 ||   217
       Headbutt          |    12 |    24 |     2 ||    38
Throw: Dart              |     5 |       |       ||     5
Armor: Chain mail        |    59 |    74 |     9 ||   142
Dodge: Dodged            |    23 |    42 |     8 ||    73
